 Dungeon Crawl Stone Soup version bcrawl-1.26.1 (webtiles) character file.

Game seed: 54654471035090434

164324 Freyura the Insei (level 5, -9/41 HPs)
             Began as a Vampire Martial Artist on July 11, 2020.
             Was a Priest of Wu Jian.
             Mangled by a wight
             ... wielding a cursed +4 long sword
              (10 damage)
             ... on level 4 of the Dungeon.
             The game lasted 00:07:55 (2885 turns).

Freyura the Insei (Vampire Martial Artist)          Turns: 2885, Time: 00:07:56

Health: -9/41      AC:  3    Str: 15    XL:     5   Next: 90%
Magic:  6/6        EV: 14    Int: 10    God:    Wu Jian [***...]
Gold:   155        SH:  0    Dex: 16    Spells: 5/6 levels left

rFire    . . .     SeeInvis +     - Claws (13.3)
rCold    + . .     Gourm    .   (no shield)
rNeg     + + .     Faith    .   a - +1 robe
rPois    ∞         Spirit   .   (no helmet)
rElec    .         Reflect  .   (no cloak)
rCorr    .         Harm     .   (no gloves)
MR       .....                  (no boots)
Stlth    +++++.....             (no amulet)
HPRegen  0.06/turn              (no ring)
MPRegen  0.10/turn              (no ring)

@: bloodless, regenerating slowly
A: claws 1, fangs 3, see invisible, unbreathing
a: Wall Jump, Serpent's Lash, Renounce Religion


You were on level 4 of the Dungeon.
You worshipped Wu Jian.
Wu Jian was most pleased with you.
You were bloodless.

You visited 1 branch of the dungeon, and saw 4 of its levels.

You collected 155 gold pieces.

Inventory:

Armour
 a - a +1 robe (worn)
 t - a +0 pair of gloves
Scrolls
 c - 2 scrolls of blinking
 e - a scroll of teleportation
 h - 3 scrolls of enchant armour
 n - 2 scrolls of identify
 p - a scroll of magic mapping {unknown}
 r - a scroll of noise {unknown}
Potions
 b - 3 potions of agility
 d - a potion of cancellation {unknown}
 f - a potion of ambrosia {unknown}
 j - 2 potions of heal wounds {unknown}
 k - a potion of experience {unknown}
 l - a potion of haste {unknown}
 m - 3 potions of flight {unknown}
 o - a potion of curing {unknown}
 q - 24 potions of blood
 s - a potion of brilliance {unknown}


   Skills:
 + Level 3.6 Fighting
 + Level 4.3 Dodging
 + Level 4.4 Stealth
 * Level 6.0 Unarmed Combat
 - Level 1.0 Spellcasting
 - Level 1.5 Hexes


You had 5 spell levels left.
You knew the following spells:

 Your Spells              Type           Power        Failure   Level  Hunger
a - Confusing Touch       Hex            #.......     19%         1    ##.....
Your spell library was empty.

Dungeon Overview and Level Annotations

Branches:
Dungeon (4/12)
 Temple: D:4-7

Altars:
Cheibriados
Gozag
Qazlal
Ru
Sif Muna
Wu Jian


Innate Abilities, Weirdness & Mutations

You heal slowly.
You are immune to poison.
You have sharp fingernails.
You have razor-sharp teeth.
You have supernaturally acute eyesight. (SInv)
You can survive without breathing.


Message History

You are too injured to fight recklessly!
You are too injured to fight recklessly!
You are too injured to fight recklessly!
You are too injured to fight recklessly!
You are too injured to fight recklessly!
You scratch the crimson imp but do no damage.
The crimson imp blinks!
The wight barely misses you. The crimson imp closely misses you.
You scratch the crimson imp but do no damage.
The wight hits you with a cursed +4 long sword!
* * * LOW HITPOINT WARNING * * *
The crimson imp closely misses you.
You scratch the crimson imp.
The crimson imp is moderately wounded.
The crimson imp hits you.
* * * LOW HITPOINT WARNING * * *
You scratch the crimson imp.
The crimson imp is heavily wounded.
The wight hits you with a cursed +4 long sword!
You die...

.........###..
#.............
#......[......
##............
#...........#
...........#
......†...#
#......@..#
##....z5..#
##....5.<#
#.......#
#........#
#.........#
..........#
..........#
.........#


You could see a wight and 2 crimson imps.

Vanquished Creatures
  An ogre (D:3)
  A scorpion (D:4)
  2 adders
  An ooze (D:1)
  A worm (D:1)
  3 dart slugs (D:1)
  6 leopard geckos
  4 orcs
  2 ball pythons (D:1)
  6 bats
  2 giant cockroaches
  5 goblins
  9 hobgoblins
  4 jackals (D:1)
  A quokka (D:3)
  5 frilled lizards
  16 kobolds
  10 rats
79 creatures vanquished.

Notes
Turn   | Place    | Note
-------+----------+-------------------------------------------
     0 | D:1      | Freyura the Vampire Martial Artist began the quest for the
                  | Orb.
     0 | D:1      | Reached XP level 1. HP: 17/17 MP: 2/2
    91 | D:1      | Reached XP level 2. HP: 10/23 MP: 3/3
   571 | D:1      | Reached XP level 3. HP: 28/28 MP: 4/4
   605 | D:1      | Reached ** piety under Wu Jian
   918 | D:1      | Reached skill level 5 in Unarmed Combat
  1254 | D:2      | Found a snail-covered altar of Cheibriados.
  1539 | D:2      | Reached XP level 4. HP: 35/35 MP: 5/5
  2249 | D:3      | Noticed an ogre
  2274 | D:3      | Killed an ogre
  2274 | D:3      | Reached XP level 5. HP: 14/41 MP: 6/6
  2399 | D:3      | Reached *** piety under Wu Jian
  2600 | D:3      | Found a stormy altar of Qazlal.
  2600 | D:3      | Found an opulent altar of Gozag.
  2605 | D:3      | Found a shimmering blue altar of Sif Muna.
  2607 | D:3      | Found a sacrificial altar of Ru.
  2609 | D:3      | Found an ornate altar of the Wu Jian Council.
  2878 | D:4      | Reached skill level 6 in Unarmed Combat
  2884 | D:4      | HP: 1/41 [crimson imp (3)]
  2885 | D:4      | Mangled by a wight

Skill      XL: |  1  2  3  4  5 |
---------------+----------------+-----
Stealth        | 2 3 4 |  4.4
Fighting       | 3 |  3.6
Unarmed Combat | 5 6 |  6.0
Dodging        | 4 |  4.3
Spellcasting   | |  1.0
Hexes          | |  1.5

Action                   |  1- 3 |  4- 6 || total
-------------------------+-------+-------++-------
Melee: Unarmed           |    90 |    86 ||   176
       Bite              |     5 |     3 ||     8
       Punch             |     1 |       ||     1
Invok: Lunge             |    18 |    19 ||    37
       Whirlwind         |       |     2 ||     2
  Use: Scroll            |     1 |     5 ||     6
 Stab: Sleeping          |    23 |    17 ||    40
       Distracted        |       |     1 ||     1
Armor: Robe              |     9 |     4 ||    13
Dodge: Dodged            |    37 |    26 ||    63
